 Dungeon Crawl Stone Soup version 0.21-a0-417-g0adc95b (webtiles) character file.

19 sagitran the Charlatan (level 2, 0/16 HPs)
             Began as a Kobold Artificer on Nov 3, 2017.
             Slain by a jackal (1 damage)
             ... on level 1 of the Dungeon.
             The game lasted 00:03:04 (463 turns).

sagitran the Charlatan (Kobold Artificer)            Turns: 463, Time: 00:03:05

Health: 0/16       AC:  3    Str:  9    XL:     2   Next: 95%
Magic:  5/5        EV: 15    Int: 12    God:
Gold:   24         SH:  0    Dex: 15    Spells: 1/1 levels left

rFire    . . .     SeeInvis .   i - -2 dagger (curse)
rCold    . . .     Gourm    .   (shield restricted)
rNeg     . . .     Faith    .   b - +0 leather armour
rPois    +         Spirit   .   (no helmet)
rElec    .         Reflect  .   (no cloak)
rCorr    .         Harm     .   (no gloves)
MR       .....                  (no boots)
Stlth    ++........             (no amulet)
HPRegen  0.05/turn              j - ring of poison resistance
MPRegen  0.09/turn              (no ring)

@: no status effects
A: carnivore 3
a: no special abilities


You were on level 1 of the Dungeon.
You were very full.

You visited 1 branch of the dungeon, and saw 1 of its levels.

You collected 24 gold pieces.

Inventory:

Hand Weapons
 a - a +0 short sword
 i - a cursed -2 dagger (weapon)
Missiles
 k - a throwing net (quivered)
 m - 3 tomahawks
Armour
 b - a +0 leather armour (worn)
Jewellery
 j - a ring of poison resistance (left hand)
Wands
 c - a wand of flame (30/48)
 d - a wand of enslavement (15/24)
 e - a wand of random effects (12/48)
Potions
 l - a potion of might
 o - a potion of flight {unknown}
Comestibles
 f - 2 meat rations
 h - a royal jelly


   Skills:
 + Level 1.1 Fighting
 + Level 1.6 Short Blades
 + Level 0.2 Armour
 + Level 2.9 Dodging
 + Level 1.3 Stealth
 + Level 4.2 Evocations


You had one spell level left.
You didn't know any spells.

Dungeon Overview and Level Annotations

Branches:
Dungeon (1/15)

Altars:


Innate Abilities, Weirdness & Mutations

You are small and have problems with some larger weapons.
You are carnivorous and can eat meat at any time.


Message History

You barely miss the jackal.
The jackal is almost dead.
The jackal bites you but does no damage.
The jackal barely misses you. The jackal misses you. x2
The dart slug barely misses you.
The jackal bites you but does no damage.
The jackal barely misses you.
You see here a ring mail.
The jackal closely misses you. The jackal barely misses you.
You hit the jackal but do no damage.
The jackal is almost dead.
The jackal closely misses you. x2
A bat comes into view.
The jackal barely misses you.
The jackal bites you but does no damage.
You barely miss the jackal.
The jackal is almost dead.
The jackal closely misses you. The jackal bites you.
You die...

#### ##### ##..# #...#
############ #####..##
##.#.###..........# ......##
##..#..##..........#
.......####..###..#..........#
........##..#####............#
...............###...........#
............>...##[....>.....#
...[.....).รท....@hK..........#
................#h.w......#.#####
.............####...[.....#.Kh.K#
........####).###.........#####h#
........# #...###.....#.b.# #.#
........####.##..#....####.## #K#
...........#.)...##...# #.>..#h#
...........)##..###.... ###...w
...........#.#...###.... ##.#.


You could see a dart slug, 2 jackals and a kobold.

Vanquished Creatures
  A leopard gecko (D:1)
  A giant cockroach (D:1)
  2 goblins (D:1)
  3 hobgoblins (D:1)
  2 jackals (D:1)
  2 bats (D:1)
  2 frilled lizards (D:1)
  A kobold (D:1)
  3 rats (D:1)
17 creatures vanquished.

Notes
Turn   | Place    | Note
-------+----------+-------------------------------------------
     0 | D:1      | sagitran the Kobold Artificer began the quest for the Orb.
     0 | D:1      | Reached XP level 1. HP: 12/12 MP: 3/3
    50 | D:1      | Reached XP level 2. HP: 6/16 MP: 4/4
    80 | D:1      | Reached skill level 4 in Evocations
   463 | D:1      | Slain by a jackal

Vault maps used:
D:1:      dpeg_arrival_long_road

Skill      XL: |  1  2 |
---------------+-------+-----
Evocations     | 4 |  4.2
Fighting       | |  1.1
Short Blades   | |  1.6
Armour         | |  0.2
Dodging        | |  2.9
Stealth        | |  1.3

Action                   || total
-------------------------++-------
Melee: Dagger            ||    80
       Short sword       ||     5
Evoke: Wand              ||    18
  Use: Scroll            ||     2
 Stab: Paralysed         ||     1
  Eat: Chunk             ||     6
Armor: Leather armour    ||    33
Dodge: Dodged            ||   132

Table legend:
 A = Spawn XP
 B = Non-spawn XP
 C = Spawn XP percentage of total XP
 D = Spawn monster count
 E = Non-spawn monster count
 F = Spawn count percentage of total count
 G = Total turns spent on level
                    A         B        C        D         E        F      G
               +---------+---------+-------+---------+---------+-------+---------
         Total |       0 |      28 |   0.0 |       0 |      17 |   0.0 |   463
               +---------+---------+-------+---------+---------+-------+---------
           D:1 |       0 |      28 |   0.0 |       0 |      17 |   0.0 |   463
               +---------+---------+-------+---------+---------+-------+---------
